 Dungeon Crawl Stone Soup version 0.23.2-1-ga50397a (webtiles) character file.

Game seed: 15273842337275860358

92 MalarOregon the Ruffian (level 4, 0/40 HPs)
             Began as a Ghoul Gladiator on June 2, 2019.
             Slain by an orc wizard
             ... wielding a cursed -1 dagger
              (4 damage)
             ... on level 2 of the Dungeon.
             The game lasted 00:02:01 (1771 turns).

MalarOregon the Ruffian (Ghoul Gladiator)           Turns: 1771, Time: 00:02:01

Health: 0/40       AC:  4    Str: 17    XL:     4   Next: 60%
Magic:  3/3        EV: 12    Int:  3    God:
Gold:   112        SH:  0    Dex: 11    Spells: 3/3 levels left

rFire    . . .     SeeInvis .     - Unarmed
rCold    + . .     Gourm    .   (no shield)
rNeg     + + +     Faith    .   a - +0 leather armour
rPois    ∞         Spirit   .   b - +0 helmet
rElec    .         Reflect  .   (no cloak)
rCorr    .         Harm     .   (no gloves)
MR       .....                  (no boots)
Stlth    +.........             (no amulet)
HPRegen  0.00/turn              (no ring)
MPRegen  0.08/turn              (no ring)

@: rotting, slowed, very slow
A: rotting body, claws 1, carnivore, cold resistance 1, negative energy
resistance 3, inhibited regeneration, torment resistance, unbreathing
a: no special abilities


You were on level 2 of the Dungeon.
You were not hungry.

You visited 1 branch of the dungeon, and saw 2 of its levels.

You collected 112 gold pieces.

Inventory:

Missiles
 c - 3 throwing nets (quivered) {!f}
Armour
 a - a +0 leather armour (worn)
 b - a +0 helmet (worn)
Scrolls
 f - 4 scrolls of random uselessness {unknown}
 g - 6 scrolls of remove curse {unknown}
 i - 3 scrolls of identify {unknown}
 j - 2 scrolls of fog {unknown}
 k - a scroll of amnesia {unknown}
 m - a scroll of teleportation {unknown}
Potions
 h - 3 potions of lignification {unknown}
 l - a potion of flight {unknown}
Comestibles
 e - 5 rations {!d}


   Skills:
 + Level 3.9 Fighting
 - Level 1.7 Throwing
 - Level 2.6 Dodging
 + Level 4.7 Unarmed Combat


You had 3 spell levels left.
You didn't know any spells.
Your spell library was empty.

Dungeon Overview and Level Annotations

Branches:
Dungeon (2/15)

Altars:
Ashenzari


Innate Abilities, Weirdness & Mutations

Your body is rotting away.
You thrive on raw meat.
You are immune to poison.
You have sharp fingernails.
You are carnivorous and can eat meat at any time.
Your flesh is cold resistant. (rC+)
You are immune to negative energy. (rN+++)
You do not regenerate when monsters are visible.
You are immune to unholy pain and torment.
You can survive without breathing.


Message History

You butcher the orc corpse.
The orc barely misses you.
Items here: %% ) [ ÷÷ Eat one of 3 chunks of flesh? (ye/n/q)
You eat one of the 3 chunks of flesh.
This raw flesh tastes great!
Eat one of 2 chunks of flesh? (ye/n/q)
You eat one of the 2 chunks of flesh.
This raw flesh tastes great!
Eat a chunk of flesh? (ye/n/q)
You eat the chunk of flesh.
This raw flesh tastes great!
The orc wizard hits you with a cursed -1 dagger.
* * * LOW HITPOINT WARNING * * *
You closely miss the orc wizard.
The orc wizard gestures at you while chanting.
The magic dart hits you.
* * * LOW HITPOINT WARNING * * *
The orc misses you.
The orc wizard gestures at you while chanting.
You feel yourself slow down.
Eat one of 3 chunks of flesh? (ye/n/q)
You eat one of the 3 chunks of flesh.
This raw flesh tastes great!
The orc wizard hits you but does no damage.
The orc barely misses you.
The orc wizard points at you and mumbles some strange words.
The magic dart hits you!
* * * LOW HITPOINT WARNING * * *
Eat one of 2 chunks of flesh? (ye/n/q)
You eat one of the 2 chunks of flesh.
This raw flesh tastes great!
The orc wizard hits you but does no damage.
The orc hits you from afar with a +0 trident.
* * * LOW HITPOINT WARNING * * *
The orc wizard mumbles some strange words.
The orc wizard blinks!
Eat a chunk of flesh? (ye/n/q)
You eat the chunk of flesh.
This raw flesh tastes great!
The orc closely misses you. The orc hits you but does no damage.
Okay, then.
The orc wizard hits you but does no damage.
The orc hits you but does no damage.
You claw the orc!
You kill the orc!
The orc wizard hits you but does no damage.
The orc wizard gestures at you while chanting.
The magic dart hits you!
* * * LOW HITPOINT WARNING * * *
You closely miss the orc wizard. The orc wizard casts a spell at you.
The magic dart hits you.
* * * LOW HITPOINT WARNING * * *
The orc wizard barely misses you.
The orc wizard hits you with a cursed -1 dagger.
You die...

#.#####..## .#####..#
........#####
#######.#.... #.#.#..
##### #.#.#.# ...#
#......
####.#####.######
###...#
.......o@)......# #....
####.#####.#.##.# #...#
#.#.##.## ####. ..
..#.....# #. #.#
##.####.)# #. #.#
#.####..### #. #.#
########.........# #.
#.#
#.....#####.##.#.#####.
#.#
#.....####.....#.......


You could see an orc wizard.

Vanquished Creatures
  Natasha (D:2)
  2 adders (D:2)
  2 oozes (D:1)
  A worm (D:2)
  A leopard gecko (D:1)
  3 orcs (D:2)
  A ball python (D:1)
  A giant cockroach (D:2)
  3 goblins (D:1)
  3 hobgoblins (D:1)
  A quokka (D:2)
  4 bats
  4 frilled lizards
  7 kobolds
  5 rats
39 creatures vanquished.

Notes
Turn   | Place    | Note
-------+----------+-------------------------------------------
     0 | D:1      | MalarOregon the Ghoul Gladiator began the quest for the
                  | Orb.
     0 | D:1      | Reached XP level 1. HP: 17/17 MP: 0/0
    53 | D:1      | Reached XP level 2. HP: 6/25 MP: 1/1
   645 | D:1      | Reached skill level 4 in Unarmed Combat
   645 | D:1      | Reached XP level 3. HP: 26/31 MP: 2/2
  1453 | D:2      | Found a shattered altar of Ashenzari.
  1459 | D:2      | Reached XP level 4. HP: 38/38 MP: 3/3
  1681 | D:2      | Noticed Natasha
  1691 | D:2      | Killed Natasha
  1771 | D:2      | Slain by an orc wizard

Skill      XL: |  1  2 |
---------------+-------+-----
Fighting       | 3 |  3.9
Unarmed Combat | 4 |  4.7
Throwing       | |  1.7
Dodging        | |  2.6

Action                   |  1- 3 |  4- 6 || total
-------------------------+-------+-------++-------
Melee: Unarmed           |    87 |    33 ||   120
 Stab: Sleeping          |       |     1 ||     1
  Eat: Chunk             |     2 |     8 ||    10
Armor: Leather armour    |    15 |    11 ||    26
Dodge: Dodged            |    45 |    23 ||    68
